 Dungeon Crawl Stone Soup version 0.27-a0-1081-ge8a0a9c698 (webtiles) character file.

Game seed: 6402548737889039871

354 scammafunk the Covered (level 6, 0/51 HPs)
             Began as a Barachi Fighter on Apr 26, 2021.
             Slain by a black bear (10 damage)
             ... created by the rage of Trog
             ... on level 4 of the Dungeon.
             The game lasted 00:12:38 (4081 turns).

scammafunk the Covered (Barachi Fighter)            Turns: 4081, Time: 00:12:39

Health: 0/51       AC:  7    Str: 19    XL:     6   Next: 62%
Magic:  6/6        EV:  7    Int:  9    God:
Gold:   95         SH:  9    Dex: 11    Spells: 5/5 levels left

rFire    . . .     SeeInvis .   a - +1 long sword
rCold    . . .     Faith    .   c - +0 kite shield
rNeg     . . .     Spirit   .   b - +0 scale mail
rPois    .         Reflect  .   (no helmet)
rElec    .         Harm     .   (no cloak)
rCorr    .         Rampage  .   (no gloves)
Will     .....                  (no boots)
Stlth    ..........             (no amulet)
HPRegen  0.17/turn              (no ring)
MPRegen  0.10/turn              (no ring)

@: silenced, unable to hop, slow
A: amphibious, slowness 1, strong legs 1, +LOS
a: Hop


You were on level 4 of the Dungeon.
You visited 1 branch of the dungeon, and saw 4 of its levels.

You collected 95 gold pieces.

Inventory:

Hand Weapons
 a - a +1 long sword (weapon)
 q - a +0 falchion
Armour
 b - a +0 scale mail (worn)
 c - a +0 kite shield (worn)
Scrolls
 f - a scroll of identify
 g - a scroll of acquirement {unknown}
 h - a scroll of immolation
Potions
 m - a potion of curing


   Skills:
 + Level 5.3 Fighting
 + Level 4.5 Long Blades
 + Level 5.3 Armour
 + Level 4.8 Shields


You had 5 spell levels left.
You didn't know any spells.
Your spell library was empty.

Dungeon Overview and Level Annotations

Branches:
Dungeon (4/15)
 Temple: D:4-7

Altars:
Fedhas
Sif Muna
Trog

Shops:
D:1 :


Innate Abilities, Weirdness & Mutations

You are amphibious.
You cover ground slowly.
You can hop short distances.
You have an extended range of vision and can be seen from far away.


Message History

You block the hound skeleton's attack.
The hound skeleton bites you but does no damage.
You slash the hound skeleton!
The hound skeleton is almost destroyed.
You block the hound skeleton's attack.
You slash the hound skeleton!
You destroy the hound skeleton!
You feel your intelligence returning.
Things that are here:
a +3 flail of holy wrath; a +0 ring mail; the human corpse of Edmund You start resting.
You feel a little less mighty now.
You start resting.
HP restored.
Found a spear.
Found a stone staircase leading down.
Trog hurls fiery rage upon you!
The fireball explodes!
The fireball engulfs you!
Trog sends monsters to punish you. 3 black bears come into view.
As you read the scroll labelled IXAJYI ANEWNEL, it crumbles to dust.
A profound silence engulfs you.
It was a scroll of silence.
Hop to where?
Press: ? - help, Dir - move target Boing!
The black bear rages.
The black bear bites you!
The black bear claws you but does no damage. x2
The black bear rages.
The black bear bites you! The black bear claws you. x2
The black bear bites you but does no damage.
The black bear claws you. You block the black bear's attack.
You hit the black bear.
The black bear is lightly wounded.
The black bear bites you. The black bear claws you.
* * * LOW HITPOINT WARNING * * *
The black bear claws you.
* * * LOW HITPOINT WARNING * * *
The black bear bites you!
You die...

#####..#### #.........
#.........### #.........
......#...>...####........
.######.........##........
##...............#†......
#.............#...†......
#..............##........
##.............####.....#
#......@.......# #..###
##....hhh......# #..#
##...........## ##..###
##...........# #......
##...........## #......
#.............####......
#.....##.....#...##.......
....## ####.###...#.......
.### ######.....#....


You could see 3 black bears.

Vanquished Creatures
  Edmund (D:4)
  A scorpion (D:4)
  A bullfrog skeleton (D:3)
  Jessica (D:3)
  A hound skeleton (D:4)
  3 adders (D:3)
  4 worms
  3 dart slugs (D:2)
  6 ball pythons
  4 endoplasms
  A giant cockroach (D:1)
  5 goblins
  7 hobgoblins
  11 jackals
  9 kobolds
  3 bats
  3 frilled lizards (D:1)
  12 rats
76 creatures vanquished.

Vanquished Creatures (others)
  2 plants (D:1)
2 creatures vanquished.

Grand Total: 78 creatures vanquished

Notes
Turn   | Place    | Note
-------+----------+-------------------------------------------
     0 | D:1      | scammafunk the Barachi Fighter began the quest for the Orb.
     0 | D:1      | Reached XP level 1. HP: 18/18 MP: 1/1
   255 | D:1      | Reached XP level 2. HP: 18/25 MP: 2/2
   801 | D:1      | Found Jiwuc's Book Shop.
   862 | D:1      | Found a faded altar of an unknown god.
   875 | D:1      | Became a worshipper of Trog the Wrathful
   875 | D:1      | Reached * piety under Trog
   890 | D:1      | Reached XP level 3. HP: 29/30 MP: 3/3
  1121 | D:2      | Fell from the grace of Trog
  1330 | D:2      | Found a blossoming altar of Fedhas.
  1817 | D:3      | Reached XP level 4. HP: 34/37 MP: 4/4
  2743 | D:3      | Reached XP level 5. HP: 40/43 MP: 5/5
  3162 | D:3      | Noticed Jessica
  3178 | D:3      | Killed Jessica
  3179 | D:3      | Found a shimmering blue altar of Sif Muna.
  3308 | D:3      | Noticed a polar bear
  3308 | D:3      | Noticed a black bear
  3308 | D:3      | Noticed a polar bear
  3308 | D:3      | Noticed a polar bear
  3308 | D:3      | Noticed a polar bear
  3401 | D:4      | Reached skill level 5 in Armour
  3515 | D:4      | Reached XP level 6. HP: 40/50 MP: 6/6
  3618 | D:4      | Reached skill level 5 in Fighting
  3690 | D:4      | Noticed Edmund
  3700 | D:4      | Killed Edmund
  4077 | D:4      | Noticed a black bear
  4077 | D:4      | Noticed a black bear
  4077 | D:4      | Noticed a black bear
  4081 | D:4      | Slain by a black bear

Illustrated notes

Levels and vault maps discovered:
D:1:      minmay_arrival_stone_box, layout_basic, serial_shops,
          nicolae_shop_trees, ebering_ecumenical_altar_webs,
          minmay_misc_feat_five, serial_bayou_lake_a
D:2:      layout_rooms, basic_altar, kennysheep_crisscross,
          kennysheep_big_empty_room
D:3:      layout_basic, tgw_sif, chequers_temple_overflow_minitemple,
          gammafunk_temple_overflow_statue
D:4:      layout_cave_pods, elyvilon_altar_5,
          minmay_temple_entry_drinking_statues, corexii_item_surrounded_by_moat,
          uniq_edmund

Skill      XL: |  1  2  3  4  5  6 |
---------------+-------------------+-----
Armour         | 4 5 |  5.3
Fighting       | 4 5 |  5.3
Long Blades    | 3 4 |  4.5
Shields        | 4 |  4.8

Action                   |  1- 3 |  4- 6 || total
-------------------------+-------+-------++-------
Melee: Long sword        |   130 |   123 ||   253
Invok: Berserk           |     1 |       ||     1
       Renounce Religion |     1 |       ||     1
 Abil: Hop               |     1 |     2 ||     3
  Use: Scroll            |       |     9 ||     9
       Potion            |       |     6 ||     6
Armor: Scale mail        |    66 |    48 ||   114
Dodge: Dodged            |    49 |    53 ||   102
Block: Kite shield       |    77 |    71 ||   148
       Rpst.: Long sword |    16 |    20 ||    36

Table legend: (Time is in decaauts)
 A = Elapsed time spent in this place.
 B = Non-inter-level travel time spent in this place.
 C = Inter-level travel time spent in this place.
 D = Time resting spent in this place.
 E = Time spent auto-exploring this place.
 F = Levels seen in this place.
 G = Mean time per level.
                   A        B        C        D        E       F      G
               +--------+--------+--------+--------+--------+-----+--------+
         Total |   4547 |   4537 |     10 |    316 |   3284 |   4 | 1136.8 |
       Dungeon |   4547 |   4537 |     10 |    316 |   3284 |   4 | 1136.8 |
               +--------+--------+--------+--------+--------+-----+--------+

Top non-repeatable levels by time:
     D:3: 1673 daAuts
     D:1: 1224 daAuts
     D:4: 827 daAuts
     D:2: 821 daAuts
